 Dungeon Crawl Stone Soup version 0.21.1-1-g345015fe64 (webtiles) character file.

30 Gargoyl the Skirmisher (level 3, 0/33 HPs)
             Began as a Centaur Abyssal Knight on July 4, 2018.
             Was a Follower of Lugonu.
             Slain by a gnoll
             ... wielding a +0 flail
              (3 damage)
             ... on level 1 of the Dungeon.
             The game lasted 00:02:33 (1520 turns).

Gargoyl the Skirmisher (Centaur Abyssal Knight)     Turns: 1520, Time: 00:02:33

Health: 0/33       AC:  8    Str: 12 (14) XL:     3   Next: 3%
Magic:  4/4        EV:  0    Int: 11      God:    Lugonu [*.....]
Gold:   0          SH:  0    Dex:  8 (9)  Spells: 2/2 levels left

rFire    . . .     SeeInvis +   a - +1 hand axe
rCold    . . .     Gourm    .   (no shield)
rNeg     . . .     Faith    .   d - +0 plate armour
rPois    .         Spirit   .   (no helmet)
rElec    .         Reflect  .   (no cloak)
rCorr    .         Harm     .   (no gloves)
MR       .....                  (no barding)
Stlth    ..........             (no amulet)
HPRegen  0.11/turn              f - ring of see invisible
MPRegen  0.09/turn              (no ring)

@: very quick
A: large, hooves 3, deformed body, speed 2, tough skin 3
a: Depart the Abyss, Renounce Religion


You were on level 1 of the Dungeon.
You worshipped Lugonu.
Lugonu was aware of your devotion.
You were not hungry.

You visited 1 branch of the dungeon, and saw 2 of its levels.
You visited the Abyss 1 time.

Inventory:

Hand Weapons
 a - a +1 hand axe (weapon)
Armour
 d - a +0 plate armour (worn)
Jewellery
 f - a ring of see invisible (left hand)
Scrolls
 e - a scroll of teleportation {unknown}
 g - a scroll of amnesia {unknown}
Comestibles
 c - 5 rations


   Skills:
 + Level 3.6 Fighting
 + Level 2.0 Axes
 * Level 1.7 Armour
 + Level 0.8 Dodging
 * Level 2.1 Invocations


You had 2 spell levels left.
You didn't know any spells.

Dungeon Overview and Level Annotations

Branches:
Dungeon (2/15)

Altars:


Innate Abilities, Weirdness & Mutations

You have hooves in place of feet.
Armour fits poorly on your strangely shaped body.
You cover ground very quickly.
You have extremely tough skin. (AC +3)


Message History

Quiver which item? (- for none, * to show all) (? for menu, Esc to quit)
Okay, then.
You are too injured to fight recklessly!
You aren't carrying any potions.
Okay, then.
You hit the gnoll. You kick the gnoll, but do no damage.
The gnoll is moderately wounded.
You closely miss the gnoll. You closely miss the rat.
The rat bites you but does no damage. The gnoll hits you with a flail!
* * * LOW HITPOINT WARNING * * *
The gnoll completely misses you. The rat bites you but does no damage.
Unknown command.
Your plate armour prevents you from hitting the gnoll.
You kick the gnoll!
The gnoll is severely wounded.
You hit the rat.
You kill the rat!
Lugonu accepts your kill.
You closely miss the gnoll. The gnoll hits you with a flail.
You die...

........# #.#....#.#......#
############.#......#......#
##.).............#.........##
#..#########....###.........##
#.## #......##.#.....#..## ..#
#.....(##.#....)....# ###
#.........#....)....# #######
#.....g####.........#
......### #....g@# #......(..#
#####...########## #####.....#
.............# #.........#
############## #.###.....##
#.##..♣....## #.##..PP♣♣..#
#.##....♣P..# #.#..#.....##
#.#.####..##


You could see 2 gnolls.

Vanquished Creatures
  A dart slug (D:1)
  2 leopard geckos (D:1)
  5 bats (D:1)
  8 hobgoblins (D:1)
  2 kobolds (D:1)
  3 frilled lizards (D:1)
  4 rats (D:1)
25 creatures vanquished.

Notes
Turn   | Place    | Note
-------+----------+-------------------------------------------
     0 | Abyss:1  | Gargoyl the Centaur Abyssal Knight began the quest for the Orb.
     0 | Abyss:1  | Reached XP level 1. HP: 19/19 MP: 2/2
    36 | Abyss:1  | Noticed a large abomination
    40 | Abyss:1  | Noticed a small abomination
    63 | Abyss:2  | Found a corrupted altar of Lugonu.
    82 | Abyss:2  | Noticed a titan skeleton
    88 | Abyss:2  | Found a corrupted altar of Lugonu.
    94 | Abyss:2  | Noticed a large abomination
    96 | Abyss:2  | Noticed a large abomination
   130 | Abyss:2  | Noticed a starcursed mass
   138 | D:1      | Escaped the Abyss
   569 | D:1      | Reached XP level 2. HP: 19/26 MP: 3/3
   699 | D:1      | Reached * piety under Lugonu
  1308 | D:1      | Reached XP level 3. HP: 32/33 MP: 4/4
  1520 | D:1      | Slain by a gnoll

Skill      XL: |  1  2 |
---------------+-------+-----
Axes           | 2 |  2.0
Fighting       | |  3.6
Armour         | |  1.7
Dodging        | |  0.8
Invocations    | |  2.1

Action                   || total
-------------------------++-------
Melee: Hand axe          ||    78
       Kick              ||    14
Invok: Depart the Abyss  ||     1
  Use: Potion            ||     1
  Eat: Chunk             ||     1
Armor: Plate armour      ||   104
       Leather armour    ||    11
Dodge: Dodged            ||    12
